General information
- name: BNet
- type: Ladder team game (AT/RT)
- host: Battle.net
- saver: 1Direction
map: Cherryville
- players: 8
- length: 17:57
- speed: Fast
- version: 1.26 W3XP
- replay type: Public
» download(131 KB)
Players
team 1 (winner)
KiLLa4LiFe (
orange | 142 APM | 2557 actions | 17:57)
6 Death Knight
3 Death Coil
2 Unholy Aura
1 Animate Dead
4 Lich
3 Frost Nova
1 Frost Armor
» actions
| Assign group hotkey | 111 | |
| Basic commands | 799 | |
| Build / train | 81 | |
| ESC pressed | 4 | |
| Enter build submenu | 32 | |
| Enter hero's abilities submenu | 10 | |
| Give item / drop item | 2 | |
| Right click | 671 | |
| Select / deselect | 530 | |
| Select group hotkey | 214 | |
| Use ability | 103 | |
2557 total
» units
| Acolyte | 7 | |
| Ghoul | 2 | |
| Crypt Fiend | 11 | |
| Goblin Shredder | 6 | |
| Frost Wyrm | 4 | |
30 total
» upgrades
| Creature Attack | 3 | |
| Creature Carapace | 3 | |
| Web | 1 | |
7 total
» buildings
| Graveyard | 2 | |
| Altar of Darkness | 1 | |
| Ziggurat | 9 | |
| Crypt | 1 | |
| Tomb of Relics | 1 | |
| Halls of the Dead | 2 | |
| Black Citadel | 2 | |
| Sacrificial Pit | 1 | |
| Boneyard | 5 | |
24 total
» build order
00:21 Graveyard
00:22 Graveyard
00:37 Altar of Darkness
00:51 Ziggurat
01:13 Crypt
01:42 Tomb of Relics
02:20 Ziggurat
03:35 Ziggurat
06:18 Halls of the Dead
06:19 Halls of the Dead
06:38 Ziggurat
06:40 Ziggurat
08:50 Black Citadel
08:50 Black Citadel
09:37 Sacrificial Pit
10:10 Ziggurat
10:14 Ziggurat
11:06 Ziggurat
11:14 Boneyard
11:16 Boneyard
11:18 Boneyard
12:03 Boneyard
12:21 Boneyard
14:52 Ziggurat
» items
| Rod of Necromancy | 1 | |
| Lesser Clarity Potion | 1 | |
| Potion of Healing | 2 | |
| Potion of Mana | 2 | |
| Scroll of Town Portal | 1 | |
7 total

»
SujiroKifuja (
teal | 94 APM | 1692 actions | 17:56)
6 Demon Hunter
3 Mana Burn
2 Evasion
1 Metamorphosis
3 Pandaren Brewmaster
2 Breath of Fire
1 Drunken Haze
» actions
| Assign group hotkey | 61 | |
| Basic commands | 62 | |
| Build / train | 70 | |
| ESC pressed | 4 | |
| Enter build submenu | 22 | |
| Enter hero's abilities submenu | 9 | |
| Give item / drop item | 2 | |
| Right click | 272 | |
| Select / deselect | 154 | |
| Select group hotkey | 924 | |
| Use ability | 112 | |
1692 total
» units
| Wisp | 28 | |
| Archer | 8 | |
| Hippogryph | 5 | |
| Chimaera | 6 | |
47 total
» upgrades
| Ultravision | 1 | |
| Improved Bows | 1 | |
| Strength of the Wild | 2 | |
| Reinforced Hides | 1 | |
| Corrosive Breath | 1 | |
6 total
» buildings
| Altar of Elders | 1 | |
| Moon Well | 10 | |
| Ancient of War | 1 | |
| Tree of Ages | 1 | |
| Hunter's Hall | 1 | |
| Ancient of Wonders | 1 | |
| Tree of Eternity | 1 | |
| Ancient of Wind | 2 | |
| Tree of Life | 1 | |
| Ancient Protector | 4 | |
| Chimaera Roost | 4 | |
27 total
» build order
00:06 Altar of Elders
00:08 Moon Well
00:12 Moon Well
00:40 Ancient of War
01:46 Moon Well
03:09 Tree of Ages
03:34 Moon Well
03:37 Hunter's Hall
03:50 Ancient of Wonders
05:10 Moon Well
05:19 Moon Well
05:36 Tree of Eternity
06:28 Ancient of Wind
06:36 Ancient of Wind
07:58 Tree of Life
08:01 Ancient Protector
08:01 Ancient Protector
08:19 Ancient Protector
08:20 Ancient Protector
09:56 Chimaera Roost
09:59 Chimaera Roost
10:01 Chimaera Roost
10:14 Chimaera Roost
12:26 Moon Well
12:28 Moon Well
14:51 Moon Well
14:53 Moon Well
» items
| Anti-magic Potion | 1 | |
| Orb of Venom | 1 | |
2 total
Stealth_Hawk (
pink | 50 APM | 897 actions | 17:56)
4 Dreadlord
2 Sleep
2 Carrion Swarm
» actions
| Assign group hotkey | 17 | |
| Basic commands | 121 | |
| Build / train | 81 | |
| ESC pressed | 3 | |
| Enter build submenu | 16 | |
| Enter hero's abilities submenu | 4 | |
| Right click | 364 | |
| Select / deselect | 194 | |
| Select group hotkey | 67 | |
| Use ability | 30 | |
897 total
» units
| Acolyte | 15 | |
| Ghoul | 8 | |
| Crypt Fiend | 22 | |
| Gargoyle | 19 | |
64 total
» upgrades
| Creature Attack | 2 | |
| Creature Carapace | 2 | |
| Web | 1 | |
5 total
» buildings
| Ziggurat | 6 | |
| Altar of Darkness | 1 | |
| Crypt | 2 | |
| Nerubian Tower | 1 | |
| Graveyard | 2 | |
| Halls of the Dead | 1 | |
| Spirit Tower | 4 | |
| Black Citadel | 1 | |
18 total
» build order
00:19 Ziggurat
00:28 Altar of Darkness
00:58 Crypt
01:09 Ziggurat
01:22 Nerubian Tower
02:05 Crypt
03:06 Graveyard
03:13 Graveyard
04:10 Halls of the Dead
04:34 Ziggurat
04:36 Ziggurat
08:06 Spirit Tower
08:06 Spirit Tower
08:07 Spirit Tower
10:38 Ziggurat
10:41 Ziggurat
12:14 Spirit Tower
14:04 Black Citadel
1Direction (
purple | 48 APM | 858 actions | 17:57)
5 Goblin Alchemist
2 Chemical Rage
3 Healing Spray
» actions
| Assign group hotkey | 103 | |
| Basic commands | 22 | |
| Build / train | 51 | |
| Enter build submenu | 16 | |
| Enter hero's abilities submenu | 5 | |
| Remove unit from queue | 2 | |
| Right click | 436 | |
| Select / deselect | 86 | |
| Select group hotkey | 63 | |
| Use ability | 74 | |
858 total
» units
» upgrades
» buildings
| Moon Well | 10 | |
| Altar of Elders | 1 | |
| Tree of Ages | 1 | |
| Hunter's Hall | 1 | |
| Tree of Eternity | 1 | |
| Ancient of Wind | 2 | |
| Tree of Life | 2 | |
| Ancient Protector | 14 | |
| Chimaera Roost | 4 | |
36 total
» build order
01:38 Moon Well
01:47 Moon Well
01:49 Moon Well
01:51 Moon Well
01:53 Moon Well
01:54 Moon Well
01:57 Moon Well
01:58 Moon Well
02:01 Moon Well
03:25 Altar of Elders
05:54 Tree of Ages
06:06 Hunter's Hall
08:15 Tree of Eternity
10:21 Moon Well
10:34 Ancient of Wind
10:45 Tree of Life
10:47 Ancient Protector
10:47 Ancient Protector
10:48 Ancient Protector
10:48 Ancient Protector
10:49 Ancient Protector
10:49 Ancient Protector
10:53 Ancient Protector
12:14 Chimaera Roost
12:15 Chimaera Roost
12:20 Chimaera Roost
12:58 Chimaera Roost
14:40 Tree of Life
14:50 Ancient of Wind
14:54 Ancient Protector
14:54 Ancient Protector
14:55 Ancient Protector
14:55 Ancient Protector
14:55 Ancient Protector
14:57 Ancient Protector
14:58 Ancient Protector
» items
| Scroll of Town Portal | 1 | |
| Boots of Speed | 1 | |
| Periapt of Vitality | 1 | |
| Staff of Teleportation | 1 | |
4 total
team 2 (loser)

»
OffSprlNg (
red | 65 APM | 1150 actions | 17:33)
5 Archmage
3 Summon Water Elemental
2 Brilliance Aura
4 Mountain King
2 Storm Bolt
1 Bash
1 Thunder Clap
» actions
| Assign group hotkey | 35 | |
| Basic commands | 79 | |
| Build / train | 75 | |
| ESC pressed | 1 | |
| Enter build submenu | 30 | |
| Enter hero's abilities submenu | 9 | |
| Give item / drop item | 2 | |
| Right click | 296 | |
| Select / deselect | 299 | |
| Select group hotkey | 253 | |
| Use ability | 71 | |
1150 total
» units
| Peasant | 18 | |
| Footman | 10 | |
| Gryphon Rider | 7 | |
| Siege Engine | 4 | |
| Dragonhawk Rider | 2 | |
| Chimaera | 3 | |
44 total
» upgrades
| Masonry | 1 | |
| Swords | 1 | |
| Storm Hammers | 2 | |
| Animal War Training | 1 | |
| Gunpowder | 1 | |
| Barrage | 1 | |
| Armor | 1 | |
8 total
» buildings
| Altar of Kings | 1 | |
| Barracks | 1 | |
| Farm | 13 | |
| Scout Tower | 8 | |
| Arcane Tower | 2 | |
| Lumber Mill | 1 | |
| Arcane Vault | 1 | |
| Town Hall | 1 | |
| Keep | 1 | |
| Blacksmith | 1 | |
| Castle | 1 | |
| Guard Tower | 2 | |
| Gryphon Aviary | 3 | |
| Workshop | 2 | |
| Moon Well | 3 | |
41 total
» build order
00:28 Altar of Kings
00:38 Barracks
00:45 Farm
01:19 Farm
01:55 Farm
01:58 Scout Tower
02:31 Arcane Tower
02:35 Lumber Mill
03:15 Farm
03:40 Farm
04:25 Arcane Vault
04:33 Town Hall
05:25 Keep
06:48 Blacksmith
06:52 Farm
06:53 Farm
06:54 Farm
07:01 Scout Tower
07:02 Scout Tower
07:07 Scout Tower
07:10 Scout Tower
07:11 Scout Tower
07:13 Scout Tower
07:14 Scout Tower
07:50 Castle
07:55 Arcane Tower
07:56 Guard Tower
08:20 Gryphon Aviary
08:22 Gryphon Aviary
08:23 Gryphon Aviary
09:58 Guard Tower
10:23 Farm
12:38 Workshop
12:40 Workshop
13:12 Farm
13:13 Farm
13:13 Farm
13:14 Farm
15:30 Moon Well
15:31 Moon Well
15:32 Moon Well
» items
| Scroll of Regeneration | 4 | |
| Scroll of Town Portal | 2 | |
6 total

»
chaosfang (
green | 34 APM | 476 actions | 13:58)
3 Demon Hunter
2 Immolation
1 Evasion
» actions
| Assign group hotkey | 6 | |
| Basic commands | 1 | |
| Build / train | 35 | |
| ESC pressed | 3 | |
| Enter build submenu | 15 | |
| Enter hero's abilities submenu | 3 | |
| Right click | 256 | |
| Select / deselect | 110 | |
| Select group hotkey | 13 | |
| Use ability | 34 | |
476 total
» units
| Wisp | 12 | |
| Archer | 7 | |
| Hippogryph | 6 | |
| Chimaera | 2 | |
27 total
» upgrades
| Hippogryph Taming | 1 | |
| Strength of the Wild | 1 | |
2 total
» buildings
| Ancient of War | 1 | |
| Altar of Elders | 1 | |
| Moon Well | 5 | |
| Ancient of Wonders | 1 | |
| Tree of Ages | 1 | |
| Hunter's Hall | 1 | |
| Ancient of Wind | 1 | |
| Tree of Eternity | 1 | |
| Chimaera Roost | 3 | |
15 total
» build order
00:23 Ancient of War
00:32 Altar of Elders
00:37 Moon Well
01:37 Moon Well
02:00 Ancient of Wonders
03:27 Tree of Ages
05:55 Hunter's Hall
05:59 Ancient of Wind
06:17 Moon Well
06:21 Tree of Eternity
08:48 Chimaera Roost
08:51 Chimaera Roost
09:54 Chimaera Roost
10:53 Moon Well
12:45 Moon Well

»
Cottrell (
blue | 25 APM | 455 actions | 17:56)
5 Demon Hunter
3 Immolation
2 Mana Burn
» actions
| Build / train | 44 | |
| Enter build submenu | 20 | |
| Enter hero's abilities submenu | 5 | |
| Give item / drop item | 1 | |
| Right click | 228 | |
| Select / deselect | 126 | |
| Use ability | 31 | |
455 total
» units
| Wisp | 9 | |
| Archer | 6 | |
| Goblin Shredder | 1 | |
| Chimaera | 6 | |
| Hippogryph | 10 | |
32 total
» upgrades
| Corrosive Breath | 1 | |
| Strength of the Wild | 2 | |
| Reinforced Hides | 1 | |
4 total
» buildings
| Altar of Elders | 1 | |
| Ancient of War | 1 | |
| Moon Well | 9 | |
| Tree of Ages | 1 | |
| Tree of Eternity | 1 | |
| Ancient of Wind | 1 | |
| Chimaera Roost | 3 | |
| Hunter's Hall | 1 | |
18 total
» build order
00:09 Altar of Elders
00:11 Ancient of War
00:13 Moon Well
01:52 Moon Well
03:20 Moon Well
03:26 Tree of Ages
04:49 Moon Well
06:11 Tree of Eternity
06:16 Moon Well
06:22 Ancient of Wind
07:11 Moon Well
08:08 Moon Well
08:43 Chimaera Roost
08:46 Chimaera Roost
08:56 Chimaera Roost
09:20 Moon Well
11:41 Moon Well
12:48 Hunter's Hall

»
Legacy1150 (
yellow | 41 APM | 581 actions | 14:08)
3 Mountain King
2 Storm Bolt
1 Thunder Clap
» actions
| Build / train | 41 | |
| Enter build submenu | 21 | |
| Enter hero's abilities submenu | 3 | |
| Give item / drop item | 1 | |
| Right click | 268 | |
| Select / deselect | 211 | |
| Use ability | 36 | |
581 total
» units
| Peasant | 12 | |
| Footman | 4 | |
| Rifleman | 3 | |
| Gryphon Rider | 7 | |
| Knight | 2 | |
28 total
» upgrades
| Swords | 1 | |
| Armor | 2 | |
| Storm Hammers | 1 | |
4 total
» buildings
| Altar of Kings | 2 | |
| Farm | 10 | |
| Barracks | 1 | |
| Lumber Mill | 1 | |
| Blacksmith | 1 | |
| Keep | 1 | |
| Arcane Vault | 1 | |
| Gryphon Aviary | 2 | |
| Castle | 1 | |
| Scout Tower | 1 | |
| Town Hall | 1 | |
22 total
» build order
00:14 Altar of Kings
00:18 Farm
00:30 Altar of Kings
00:34 Barracks
00:46 Farm
01:09 Lumber Mill
01:47 Farm
02:14 Farm
02:42 Blacksmith
02:59 Farm
03:38 Keep
03:43 Farm
04:33 Arcane Vault
04:41 Farm
05:35 Farm
06:00 Gryphon Aviary
06:05 Castle
06:35 Gryphon Aviary
08:18 Scout Tower
10:06 Town Hall
10:55 Farm
11:44 Farm
» items
| Orb of Fire | 1 | |
| Potion of Healing | 2 | |
3 total
Chat log
(00:09 / All) OffSprlNg: .
(00:14 / All) 1Direction: Well I may be the Mayor of Simpletown but there's one thing I know and that's I love you
(00:16 / Allies) KiLLa4LiFe: 100g
(00:17 / Allies) KiLLa4LiFe: plz
(00:28 / All) Cottrell: What way do 5 gay guys walk?
(00:34 / All) Cottrell: ONE DIRECTION
(00:43 / All) 1Direction: They are the voice of our generation, sir
(00:48 / All) Cottrell: No
(01:10 / All) 1Direction: They are beautiful angels sent by God to fill our earbuds with sweet sounding music
(01:38 / All) Cottrell: Do you listen to how gay you are?
(02:15 / All) 1Direction: there's nothing gay about listening to great, progressive music, sir
(02:43 / All) chaosfang: i find what he said to be blasphemic
(04:22 / Allies) KiLLa4LiFe: lumber plz
(07:48 / Allies) Stealth_Hawk: ty
(09:26 / Allies) KiLLa4LiFe: ouyt
(09:27 / Allies) KiLLa4LiFe: out
(09:44 / Allies) KiLLa4LiFe: we hit again
(09:44 / Allies) KiLLa4LiFe: soon
(10:47 / Allies) KiLLa4LiFe: rdy ?
(10:51 / Allies) SujiroKifuja: ya
(10:56 / Allies) SujiroKifuja: wait on me
(10:57 / Allies) KiLLa4LiFe: lets roll troll
(10:58 / Allies) KiLLa4LiFe: easy win
(11:30 / All) KiLLa4LiFe: GO OFF!
(12:01 / Allies) 1Direction: If I ever face red again I'll play legit and rape his ass
(12:04 / Allies) 1Direction: he listens to a gay band
(12:12 / Allies) KiLLa4LiFe: altar
(12:46 / All) SujiroKifuja: run turkeys
(12:50 / All) SujiroKifuja: here real birds
(13:37 / All) KiLLa4LiFe: take out red's expo
(13:40 / All) KiLLa4LiFe: and its done deal
(13:47 / All) OffSprlNg: shut up!
(13:48 / All) OffSprlNg: lol
(13:55 / All) KiLLa4LiFe: cant mass gryps without expo
(13:58 / All) KiLLa4LiFe: too expensive
(13:59 / All) 1Direction: HEALP
(14:17 / All) 1Direction: GET OUT OF MY BASE ASSHOLE
(14:32 / All) 1Direction: ONE DIRECTION BITCH
(14:42 / All) KiLLa4LiFe: daddy's home
(15:09 / Allies) KiLLa4LiFe: end
(15:10 / Allies) KiLLa4LiFe: green
(15:11 / Allies) KiLLa4LiFe: main
(15:11 / Allies) KiLLa4LiFe: shit
(15:15 / Allies) KiLLa4LiFe: i didnt get to end
(15:49 / All) 1Direction: TIME FOR YOU TO DIE
(17:33 / All) 1Direction: ONE DIRECTION